cohdb
Replays
Latest Replays
All Replays
Popular Replays
Top Player Replays
Match Explorer
How It Works
Community
CoH3 Stats
Reddit
Sign in to upload your games and track your stats! →
Sign in with Steam
Match 43732733
Unlisted
Match 43732733
Overview
Messages
Build Orders
End
Kettenkrad Recon Vehicle
Construct Infanterie Kompanie
Selects Terror Battlegroup
Selects Machine Gun Camouflage
Grenadier Squad
MG 42 Machine Gun Team
Grenadier Squad
Kettenkrad Recon Vehicle
Construct Luftwaffe Kompanie
Flak 30 Anti-aircraft Gun Team
Jäger Squad
Support Elements
Selects No Quarter
Marder III M Tank Destroyer
Jäger Squad
Wirbelwind Flakpanzer
Jäger Squad
Grenadier Squad
Wirbelwind Flakpanzer
Jäger Squad
alex_fanyman
Gara
vasointupido
robwarrior
0
0
Comments
sign in to comment!
No comments posted yet!